 Dungeon Crawl Stone Soup version 0.32-a0-630-g46d191b0ed (webtiles) character file.

Game seed: 8376159570517592746

6304 seren the Basher (level 10, -6/76 HPs)
             Began as a Demonspawn Gladiator on Mar 6, 2024.
             Was a Priest of Beogh.
             Mangled by Pellinorc the orc apostle
             ... wielding a +2 halberd of protection
              (19 damage)
             ... on level 10 of the Dungeon.
             The game lasted 00:30:46 (8796 turns).

seren the Basher (Demonspawn Gladiator)             Turns: 8796, Time: 00:30:46

Health: -6/76      AC: 14    Str: 18    XL:     10   Next: 63%
Magic:  14/14      EV: 18    Int: 10    God:    Beogh [***...]
Gold:   326        SH:  9    Dex: 14    Spells: 9/9 levels left

rFire   . . .        a - +0 flail (venom)
rCold   . . .        L - +0 buckler
rNeg    . . .        u - +3 scale mail {rPois}
rPois   +            (helmet restricted)
rElec   .            F - +2 cloak
rCorr   .            v - +0 pair of gloves
SInv    .            (no boots)
Will    .....        (no amulet)
Stlth   ++           M - ring of flight
HPRegen 0.32/turn    (no ring)
MPRegen 0.14/turn

%: no passive effects
@: agile, flying, wreathed by umbra, studying Maces & Flails
A: horns 1, powered by pain 1, sturdy frame 2, foul shadow 2, large bone plates
1, camouflage 1
a: Renounce Religion, Smiting


You were on level 10 of the Dungeon.
You worshipped Beogh.
Beogh was most pleased with you.
You visited 2 branches of the dungeon, and saw 11 of its levels.

You collected 419 gold pieces.
You spent 93 gold pieces at shops.

Inventory:

Hand Weapons
 a - a +0 flail of venom (weapon)
 r - a +2 dire flail
 D - a +0 glaive
Missiles
 d - a throwing net {!f}
 e - a javelin
 p - 30 stones
 C - 5 boomerangs
Armour
 c - a +0 helmet
 g - an orb of light
 u - a +3 scale mail of poison resistance (worn)
 v - a +0 pair of gloves (worn)
 E - +0 acid dragon scales
 F - a +2 cloak (worn)
 L - a +0 buckler (worn)
 Q - +0 steam dragon scales
Jewellery
 t - a ring of fire
 M - a ring of flight (left hand)
Talismans
 x - a flux talisman
Wands
 y - a wand of flame (6) (quivered)
 G - a wand of paralysis (7)
 H - a wand of polymorph (4)
 J - a wand of mindburst (5)
 K - a wand of digging (5)
 P - a wand of iceblast (5)
Scrolls
 b - 2 scrolls of enchant armour {unknown}
 f - 4 scrolls of fog
 j - a scroll of revelation
 m - a scroll of amnesia {unknown}
 n - a scroll of butterflies {unknown}
 o - 2 scrolls of immolation
 q - 3 scrolls of fear {unknown}
 s - 2 scrolls of poison
 A - a scroll of silence {unknown}
 B - a scroll of torment {unknown}
 I - a scroll of teleportation {!r}
 O - 2 scrolls of blinking {unknown}
Potions
 h - 3 potions of mutation {!q}
 i - 2 potions of lignification
 k - 2 potions of brilliance {unknown}
 l - 3 potions of heal wounds
 w - 2 potions of degeneration {unknown}
 z - 7 potions of curing
 N - a potion of invisibility {unknown}
 R - a potion of attraction {unknown}


   Skills:
 + Level 6.2 Fighting
 * Level 10.7 Maces & Flails
 + Level 5.1 Throwing
 + Level 5.2 Armour
 + Level 5.8 Dodging
 + Level 2.8 Shields
 + Level 6.3 Invocations
 + Level 5.2 Evocations


You had 9 spell levels left.
You didn't know any spells.
Your spell library contained the following spells:

 Spells                   Type           Power      Damage    Failure   Level
 Blink                    Tloc           0%         N/A       71%         2
 Call Imp                 Summ           0%         N/A       71%         2
 Cigotuvi's Dreadful Rot  Necr/Alch/Air  0%         N/A       71%         2
 Lesser Beckoning         Tloc           0%         N/A       71%         2
 Momentum Strike          Conj/Tloc      0%         3d8       71%         2
 Sublimation of Blood     Necr           0%         N/A       71%         2
 Ignite Poison            Fire/Alch      0%         N/A       100%        4
 Freezing Cloud           Conj/Ice/Air   0%         6-21      100%        5
 Summon Hydra             Summ           0%         N/A       100%        7


Dungeon Overview and Level Annotations

Branches:
Dungeon (10/15)            Temple (1/1) D:7
   Lair: D:8-11         Orc: D:9-12

Altars:
Cheibriados
Dithmenos
Fedhas
Gozag
Hepliaklqana
Kikubaaqudgha
Makhleb
Nemelex Xobeh
Okawaru
Ru
Sif Muna
Vehumet
Wu Jian
Xom
Yredelemnul

Shops:
D:2 =   D:5 (   D:7 *

Annotations:
D:5 double head ogre
D:9 Erolcha


Innate Abilities, Weirdness & Mutations

Your facial features look somewhat orcish.
You have a pair of small horns on your head.
You sometimes gain a little power by taking damage.
Your movements are less encumbered by armour. (ER -4)
You are shadowed, sometimes releasing foul flame when damaged in melee.
You are partially covered in large bone plates. (SH +4)
Your skin changes colour to match your surroundings (Stealth+).


Message History

Pellinorc fails to defend themself.
You hit Pellinorc but do no damage.
Pellinorc looks as sick as possible!
Pellinorc is heavily wounded.
The orc closely misses you. You block the ogre's attack.
The orc goes down the stairs.
Pellinorc fails to defend themself.
You hit Pellinorc but do no damage.
Pellinorc looks as sick as possible!
You headbutt Pellinorc, but do no damage.
Pellinorc is heavily wounded.
You block the orc's attack. The ogre barely misses you.
Pellinorc fails to defend themself.
You hit Pellinorc but do no damage.
You headbutt Pellinorc, but do no damage.
Pellinorc is heavily wounded.
The orc closely misses you.
Pellinorc fails to defend themself.
You hit Pellinorc.
Pellinorc is severely wounded.
Pellinorc is no longer paralysed.
Pellinorc closely misses you. You block the orc's attack.
The ogre hits you with a +0 giant spiked club!
* * * LOW HITPOINT WARNING * * *
The ogre is seared by the foul flame within you.
The ogre is lightly wounded.
You hit Pellinorc but do no damage.
Pellinorc looks as sick as possible!
You headbutt Pellinorc, but do no damage.
Pellinorc is severely wounded.
Pellinorc hits you with a +2 halberd of protection!!
* * * LOW HITPOINT WARNING * * *
You block the orc's attack.
The orc goes down the stairs.
The orc closely misses you.
You closely miss Pellinorc.
Pellinorc is severely wounded.
You block the ogre's attack. Pellinorc barely misses you.
The orc completely misses you. You block the orc's attack.
You miss Pellinorc.
You headbutt Pellinorc, but do no damage.
Pellinorc is severely wounded.
Pellinorc hits you with a +2 halberd of protection!!
You die...
Beogh appreciates Pellinorc's killing of a heretic priest.

.. #.# ##§ .##
#+####.#####.§ .#.......
#......##..... ....o).(#
#..........#.. ........###
###.~~..~.#..
....o...'.######..~..~~.#..
....o...#).......~~..~~.#..
......o.#oOo.....~≈..~..#..
........#.@.....~≈..~~.###.
.....o.)$).o....~..~~...##.
........##......†..~~._....
#.###>.......?..~..≈~......
#########+#.~~..~~.....
...~..≈~..### ....~~..~~..
# ......~..~~.#.#
?......~..~~.#..


You could see Pellinorc the orc apostle (extremely poisoned, divinely
empowered), an ogre, 2 orcs and a neutral orc (wandering).

Vanquished Creatures
  A centaur warrior (D:8)
  Maurice (D:7)
  Maggie (D:6)
  A kobold demonologist (D:8)
  A troll (D:10)
  A shadow (D:9)
  A yak (D:8)
  4 steam dragons
  Duvessa (D:6)
  2 water moccasins (D:8)
  3 ice beasts
  A sky beast (D:8)
  4 black bears
  2 ogres (D:4)
  3 centaurs
  2 kobold brigands
  2 bullfrogs
  4 scorpions
  16 wights
  Dowan (D:6)
  An electric eel (D:10)
  3 bombardier beetles
  4 howler monkeys
  2 jellies
  4 hounds
  4 orc priests
  Natasha (thrice) (D:2)
  Ijyb (D:4)
  Terence (D:2)
  2 iguanas (D:6)
  An orc wizard (D:3)
  6 adders
  A shadow imp (D:6)
  A white imp (D:7)
  4 ufetubi
  A dart slug (D:1)
  19 orcs
  5 ball pythons
  3 bats
  4 endoplasms
  4 giant cockroaches
  12 goblins
  7 hobgoblins
  4 quokkas
  6 frilled lizards
  15 kobolds
  3 rats
173 creatures vanquished.

Vanquished Creatures (others)
  An orc warrior (D:8)
  A black bear (D:8)
  A human (D:5)
  A killer bee (D:8)
  An electric eel (D:8)
  An orc priest (D:3)
  A jelly (D:8)
  An orc wizard (D:10)
  3 orcs
11 creatures vanquished.

Grand Total: 184 creatures vanquished

Notes
Turn   | Place    | Note
-------+----------+-------------------------------------------
     0 | D:1      | seren the Demonspawn Gladiator began the quest for the Orb.
     0 | D:1      | Reached XP level 1. HP: 16/16 MP: 1/1
   195 | D:1      | Gained mutation: You are faintly shadowed, very rarely
                  | releasing foul flame when damaged in melee. [demonic
                  | ancestry]
   195 | D:1      | Reached XP level 2. HP: 11/22 MP: 2/2
   265 | D:1      | Reached skill level 3 in Maces & Flails
   767 | D:1      | Reached XP level 3. HP: 27/27 MP: 3/3
  1119 | D:2      | Noticed Terence
  1319 | D:2      | Reached skill level 1 in Armour
  1365 | D:2      | Noticed Natasha
  1381 | D:2      | Killed Natasha
  1382 | D:2      | Gained mutation: You are shadowed, sometimes releasing foul
                  | flame when damaged in melee. [demonic ancestry]
  1382 | D:2      | Reached XP level 4. HP: 16/34 MP: 4/4
  1396 | D:2      | Noticed Natasha
  1513 | D:2      | Found a shimmering altar of Xom.
  1803 | D:2      | Killed Terence
  1804 | D:2      | Reached skill level 1 in Evocations
  1916 | D:2      | Killed Natasha
  1987 | D:2      | Reached XP level 5. HP: 39/39 MP: 5/5
  2108 | D:2      | Noticed Natasha
  2118 | D:2      | Killed Natasha
  2119 | D:2      | Reached skill level 4 in Maces & Flails
  2205 | D:2      | Found Curuoss's Jewellery Emporium.
  2417 | D:3      | Became a worshipper of Beogh the Shepherd
  2880 | D:4      | Noticed an ogre
  2891 | D:4      | Found an ornate altar of the Wu Jian Council.
  2903 | D:4      | Gained mutation: You sometimes gain a little power by
                  | taking damage. [demonic ancestry]
  2903 | D:4      | Reached XP level 6. HP: 47/47 MP: 6/6
  2982 | D:4      | Reached skill level 5 in Maces & Flails
  3028 | D:4      | Reached skill level 1 in Invocations
  3123 | D:4      | Reached XP level 7. HP: 43/52 MP: 7/7
  3506 | D:4      | Reached skill level 6 in Maces & Flails
  3534 | D:4      | Reached * piety under Beogh
  3585 | D:4      | Noticed Ijyb
  3591 | D:4      | Killed Ijyb
  3825 | D:5      | Entered Level 5 of the Dungeon
  3862 | D:5      | Found an opulent altar of Gozag.
  4020 | D:5      | Gained mutation: Your movements are slightly less
                  | encumbered by armour. (ER -2) [demonic ancestry]
  4020 | D:5      | Reached XP level 8. HP: 38/60 MP: 9/9
  4277 | D:5      | Found an ancient bone altar of Kikubaaqudgha.
  4310 | D:5      | Reached skill level 7 in Maces & Flails
  4325 | D:5      | Found Meqoysh's Weapon Emporium.
  4333 | D:5      | Bought a +0 flail of venom for 93 gold pieces
  4441 | D:5      | Noticed a two-headed ogre
  4522 | D:6      | Noticed Maggie
  4542 | D:6      | Gained mutation: You are partially covered in large bone
                  | plates. (SH +4) [potion of mutation]
  4542 | D:6      | Gained mutation: Your skin changes colour to match your
                  | surroundings (Stealth+). [potion of mutation]
  4543 | D:6      | Killed Maggie
  4753 | D:6      | Reached skill level 8 in Maces & Flails
  4824 | D:6      | Gained mutation: Your movements are less encumbered by
                  | armour. (ER -4) [demonic ancestry]
  4824 | D:6      | Reached XP level 9. HP: 28/66 MP: 12/12
  5129 | D:6      | Noticed Dowan
  5551 | D:6      | Noticed Duvessa
  5581 | D:6      | Killed Duvessa
  5602 | D:6      | Killed Dowan
  5832 | D:7      | Reached skill level 5 in Fighting
  5916 | D:7      | Reached ** piety under Beogh
  5948 | D:7      | Noticed Maurice
  5956 | D:7      | Something stole a ring of flight
  5959 | D:7      | Paralysed by something for 2 turns
  5962 | D:7      | Killed Maurice
  5963 | D:7      | Reached skill level 9 in Maces & Flails
  5963 | D:7      | Reached skill level 5 in Dodging
  5997 | D:7      | Found Zin's Purification Station.
  6019 | D:7      | Reached skill level 1 in Shields
  6076 | D:7      | Found a staircase to the Ecumenical Temple.
  6156 | D:7      | Identified the +0 chain mail of Reobygri {rF+ Int+5}
  6359 | Temple   | Entered the Ecumenical Temple
  6463 | D:8      | Noticed a kobold demonologist
  6485 | D:8      | Reached skill level 5 in Invocations
  6624 | D:8      | Found a sparkling altar of Nemelex Xobeh.
  6707 | D:8      | Noticed a two-headed ogre
  7396 | D:9      | Gained mutation: You have a pair of small horns on your
                  | head. [demonic ancestry]
  7396 | D:9      | Reached XP level 10. HP: 64/74 MP: 14/14
  7522 | D:8      | Noticed a cyclops
  7701 | D:8      | Noticed a centaur warrior
  7703 | D:8      | Noticed a sun demon
  7730 | D:8      | Reached skill level 10 in Maces & Flails
  7733 | D:8      | Killed a centaur warrior
  7861 | D:8      | Reached skill level 5 in Armour
  7868 | D:8      | Reached skill level 5 in Evocations
  8046 | D:9      | Found a sacrificial altar of Ru.
  8071 | D:9      | Reached skill level 5 in Throwing
  8120 | D:9      | Found a radiant altar of Vehumet.
  8598 | D:9      | Noticed Erolcha
  8603 | D:10     | Entered Level 10 of the Dungeon
  8629 | D:10     | Found a basalt altar of Yredelemnul.
  8639 | D:10     | Found an iron altar of Okawaru.
  8760 | D:10     | Reached *** piety under Beogh
  8774 | D:10     | Noticed Pellinorc
  8796 | D:10     | Mangled by Pellinorc the orc apostle

Illustrated notes

Levels and vault maps discovered:
D:1:      dpeg_arrival_shrine, layout_basic, hex_tiny, minivault_4,
          chequers_serial_rivers_micro_e, minivault_25, minmay_hexomino_r4
D:2:      layout_basic, basic_altar, serial_shops, shop, uniq_natasha,
          uniq_terence
D:3:      layout_rooms
D:4:      layout_cave_pools, mainiacjoe_overflow_tiny_flanked, minivault_5,
          uniq_ijyb
D:5:      layout_loops_cross, mainiacjoe_overflow_paths, trog_butcher_becter,
          tgw_kikubaaqudgha, serial_shops, nicolae_square_shop,
          nicolae_houndstooth_variations, uniq_edmund
D:6:      layout_basic, mainiacjoe_sewer_entry_somewhere_in_here_2,
          amcnicky_mini_pool_small, uniq_maggie, uniq_duvessa
D:7:      layout_cave_pools, zin_purify, minmay_temple_entry_slanted,
          uniq_maurice
D:8:      nzn_winding_woodlands_large [nzn_winding_woodlands_5x5_perimeter,
          nzn_winding_woodlands_5x15_eye, nzn_winding_woodlands_5x5_cross,
          nzn_winding_woodlands_center_diamonds,
          nzn_winding_woodlands_15x15_eel_pit,
          nzn_winding_woodlands_center_garden, nzn_winding_woodlands_hourglass,
          nzn_winding_woodlands_5x15_zeroes, nzn_winding_woodlands_5x5_three],
          layout_basic, nemelex_altar_shiori,
          mainiacjoe_overflow_small_starburst
D:9:      layout_basic, nicolae_qazlal_eye_of_the_storm,
          mainiacjoe_overflow_large_starburst, serial_aquarium,
          aquarium_bridge_straight [aquarium_subvault_bridge,
          aquarium_subvault_window, aquarium_subvault_bridge,
          aquarium_subvault_wall], aquarium_window_corner, aquarium_window_2,
          aquarium_window_2, aquarium_view_2f, aquarium_view_2c,
          aquarium_balcony_1b, uniq_erolcha
D:10:     layout_basic, elyvilon_altar_4, lemuel_tele_altar,
          mainiacjoe_overflow_concentric_impassable,
          mainiacjoe_overflow_catch_the_wave, dpeg_lair_monsters, orc_0_dummy,
          special_room [special_room_orc], serial_shops, shop,
          minmay_fountain_box, uniq_nergalle
Temple:   nicolae_temple_bog_church

Skill      XL: |  1  2  3  4  5  6  7  8  9 10 |
---------------+-------------------------------+-----
Throwing       | 2 3 4 5 |  5.1
Maces & Flails | 3 4 5 6 8 9 10 | 10.7
Dodging        | 3 4 5 |  5.8
Armour         | 1 2 3 4 5 |  5.2
Evocations     | 1 2 3 4 5 |  5.2
Fighting       | 3 4 5 6 |  6.2
Invocations    | 1 2 4 5 6 |  6.3
Shields        | 1 2 |  2.8

Action                     |  1- 3 |  4- 6 |  7- 9 | 10-12 || total
---------------------------+-------+-------+-------+-------++-------
  Melee: Flail             |    96 |   128 |   303 |   139 ||   666
         Headbutt          |       |       |       |    27 ||    27
  Throw: Throwing net      |       |     3 |     2 |       ||     5
 Invoke: Convert to Beogh  |       |     1 |       |       ||     1
  Evoke: Wand              |       |     2 |    45 |     5 ||    52
    Use: Scroll            |       |     4 |     8 |     1 ||    13
         Potion            |       |       |     1 |     1 ||     2
   Stab: Held in net/web   |       |       |     2 |       ||     2
         Paralysed         |       |       |       |    11 ||    11
 Armour: Leather armour    |    12 |       |       |       ||    12
         Scale mail        |    32 |    93 |   170 |    77 ||   372
         Skin              |       |       |     7 |       ||     7
  Dodge: Dodged            |    72 |    85 |   209 |    78 ||   444
  Block: Other             |       |       |    11 |       ||    11
         Buckler           |       |       |    46 |    64 ||   110

Table legend: (Time is in decaauts)
 A = Elapsed time spent in this place.
 B = Non-inter-level travel time spent in this place.
 C = Inter-level travel time spent in this place.
 D = Time resting spent in this place.
 E = Time spent auto-exploring this place.
 F = Levels seen in this place.
 G = Mean time per level.
                   A        B        C        D        E       F      G
               +--------+--------+--------+--------+--------+-----+--------+
         Total |   8879 |   8464 |    415 |   1187 |   4301 |  11 |  807.2 |
       Dungeon |   8877 |   8462 |    415 |   1187 |   4301 |  10 |  887.7 |
        Temple |      1 |      1 |      0 |      0 |      0 |   1 |    1.0 |
               +--------+--------+--------+--------+--------+-----+--------+

Top non-repeatable levels by time:
     D:8: 1428 daAuts
     D:2: 1287 daAuts
     D:6: 1269 daAuts
     D:1: 1156 daAuts
     D:4: 874 daAuts
     D:9: 779 daAuts
     D:5: 683 daAuts
     D:7: 633 daAuts
     D:3: 578 daAuts
    D:10: 187 daAuts
  Temple: 1 daAuts
